 Dungeon Crawl Stone Soup version 0.23.0-42-geed6394 (webtiles) character file.

Game seed: 13209187968564555069

322 Kairos the Chopper (level 6, 0/32 HPs)
             Began as a Vine Stalker Fighter on Feb 28, 2019.
             Killed from afar by an orc wizard (6 damage)
             ... with a magic dart
             ... on level 5 of the Dungeon.
             The game lasted 00:04:00 (2401 turns).

Kairos the Chopper (Vine Stalker Fighter)           Turns: 2401, Time: 00:04:02

Health: 0/32       AC:  6    Str: 21    XL:     6   Next: 47%
Magic:  0/7        EV:  8    Int:  8    God:
Gold:   160        SH:  9    Dex: 13    Spells: 5/5 levels left

rFire    . . .     SeeInvis .   a - +0 war axe
rCold    . . .     Gourm    .   c - +0 shield
rNeg     . . .     Faith    .   b - +0 scale mail
rPois    .         Spirit   +   (no helmet)
rElec    .         Reflect  .   (no cloak)
rCorr    .         Harm     .   (no gloves)
MR       .....                  (no boots)
Stlth    ..........             (no amulet)
HPRegen  0.50/turn              (no ring)
MPRegen  0.10/turn              (no ring)

@: no status effects
A: fangs 2, regeneration 1, magic shield, antimagic bite, no potion heal 3, rot
immunity
a: no special abilities


You were on level 5 of the Dungeon.
You were very hungry.

You visited 1 branch of the dungeon, and saw 5 of its levels.

You collected 160 gold pieces.

Inventory:

Hand Weapons
 a - a +0 war axe (weapon)
Missiles
 s - 4 tomahawks (quivered)
Armour
 b - a +0 scale mail (worn)
 c - a +0 shield (worn)
Wands
 g - a wand of enslavement (6)
 u - a wand of acid (8)
Scrolls
 h - 5 scrolls of teleportation
 k - 2 scrolls of remove curse
 l - a scroll of noise {unknown}
 m - 3 scrolls of amnesia
 r - a scroll of magic mapping {unknown}
 t - a scroll of fear {unknown}
Potions
 d - a potion of might
 e - a potion of berserk rage
 i - 2 potions of curing {unknown}
 j - a potion of brilliance
 n - a potion of degeneration {unknown}
 o - 2 potions of heal wounds {unknown}
 p - a potion of ambrosia {unknown}
 q - 2 potions of magic {unknown}
Comestibles
 f - 4 rations


   Skills:
 + Level 3.5 Fighting
 + Level 4.0 Axes
 + Level 3.2 Armour
 + Level 1.0 Dodging
 + Level 3.7 Shields


You had 5 spell levels left.
You didn't know any spells.
Your spell library was empty.

Dungeon Overview and Level Annotations

Branches:
Dungeon (6/15)
 Temple: D:4-7

Altars:


Innate Abilities, Weirdness & Mutations

You have extremely sharp teeth.
Your natural rate of healing is unusually fast.
When hurt, damage is shared between your health and your magic reserves.
Your bite disrupts and absorbs the magic of your enemies.
Potions cannot restore your health.
You are immune to rotting.


Message History

The orc wizard is healed somewhat.
The orc hits you. The orc wizard barely misses you.
The orc wizard hits you but does no damage.
You closely miss the orc wizard. Your bite misses the orc wizard.
The orc wizard is moderately wounded.
You closely miss the orc. You hit the orc wizard.
The orc priest calls upon Beogh to heal the orc wizard.
The orc wizard's wounds heal themselves!
The orc completely misses you.
The orc wizard gestures at you while chanting.
The magic dart hits you but does no damage.
The orc wizard gestures at you while chanting.
The puff of frost misses you.
You barely miss the orc wizard. Your bite misses the orc wizard.
You hit the orc but do no damage. You barely miss the orc wizard.
The orc hits you.
* * * LOW HITPOINT WARNING * * *
The orc wizard gestures at you while chanting.
The magic dart hits you.
You die...

######
####.....#
..#......#
........#
#...%.).#
#.......#
#.oo....##
#)@oo.....
##........
....^....
#.........
#....>....
#.........
#.........
##........


You could see an orc priest, 2 orc wizards and an orc.

Vanquished Creatures
  An ogre (D:5)
  A bullfrog (D:6)
  An orc priest (D:5)
  6 adders
  An ooze (D:3)
  6 worms
  3 dart slugs
  2 leopard geckos (D:3)
  8 orcs
  2 ball pythons
  8 goblins
  5 hobgoblins
  5 bats
  5 frilled lizards
  7 kobolds
  6 rats
67 creatures vanquished.

Notes
Turn   | Place    | Note
-------+----------+-------------------------------------------
     0 | D:1      | Kairos the Vine Stalker Fighter began the quest for the
                  | Orb.
     0 | D:1      | Reached XP level 1. HP: 11/11 MP: 2/2
   150 | D:1      | Reached XP level 2. HP: 15/16 MP: 3/3
   794 | D:2      | Reached XP level 3. HP: 20/20 MP: 4/4
   806 | D:2      | Reached skill level 2 in Axes
  1234 | D:2      | Gained mutation: Your natural rate of healing is unusually
                  | fast. [Vine Stalker growth]
  1234 | D:2      | Reached XP level 4. HP: 11/24 MP: 2/5
  1547 | D:3      | Reached skill level 3 in Axes
  1758 | D:3      | Reached XP level 5. HP: 28/28 MP: 6/6
  2300 | D:3      | You fall through a shaft for 3 floors!
  2392 | D:5      | Entered Level 5 of the Dungeon
  2392 | D:5      | Noticed an ogre
  2393 | D:5      | Reached XP level 6. HP: 32/32 MP: 7/7
  2397 | D:5      | Reached skill level 4 in Axes
  2397 | D:5      | Reached skill level 1 in Dodging
  2401 | D:5      | Killed from afar by an orc wizard

Skill      XL: |  1  2  3  4  5  6 |
---------------+-------------------+-----
Shields        | 3 |  3.7
Fighting       | 3 |  3.5
Axes           | 2 3 4 |  4.0
Armour         | 3 |  3.2
Dodging        | 1 |  1.0

Action                   |  1- 3 |  4- 6 || total
-------------------------+-------+-------++-------
Melee: War axe           |    94 |   124 ||   218
       Bite              |    30 |    34 ||    64
Evoke: Wand              |       |     2 ||     2
  Use: Scroll            |     3 |     1 ||     4
       Potion            |     3 |       ||     3
  Eat: Chunk             |     1 |     3 ||     4
Armor: Scale mail        |    40 |    49 ||    89
Dodge: Dodged            |    15 |    43 ||    58
Block: Shield            |    45 |    56 ||   101
